 Dungeon Crawl Stone Soup version 0.24.0-2-g5b39cebb1c (webtiles) character file.

Game seed: 10261155784885570058, levelgen mode: deterministic

77 wullow the Stinger (level 4, -1/30 HPs)
             Began as a Merfolk Venom Mage on Oct 31, 2019.
             Slain by a quasit (2 damage)
             ... on level 3 of the Dungeon.
             The game lasted 00:05:51 (1627 turns).

wullow the Stinger (Merfolk Venom Mage)             Turns: 1627, Time: 00:05:51

Health: -1/30      AC:  4    Str:  6 (8)  XL:     4   Next: 34%
Magic:  7/7        EV: 12    Int: 17 (19) God:
Gold:   71         SH:  0    Dex:  8 (15) Spells: 4/7 levels left

rFire    . . .     SeeInvis .   a - +0 short sword
rCold    . . .     Gourm    .   (no shield)
rNeg     . . .     Faith    .   n - +0 robe
rPois    +         Spirit   .   (no helmet)
rElec    .         Reflect  .   (no cloak)
rCorr    .         Harm     .   r - +0 pair of gloves
MR       .....                  y - +0 pair of boots
Stlth    ++........             (no amulet)
HPRegen  0.10/turn              (no ring)
MPRegen  0.10/turn              (no ring)

@: brilliant, hasted, very quick
A: change form in water, swift swim, stealthy swim, poison resistance
a: no special abilities


You were on level 3 of the Dungeon.
You were not hungry.

You visited 1 branch of the dungeon, and saw 3 of its levels.

You collected 71 gold pieces.

Inventory:

Hand Weapons
 a - a +0 short sword (weapon)
 b - a +0 dagger
Missiles
 h - 8 silver javelins (quivered)
 l - 30 stones
 v - 20 arrows
Armour
 g - a +3 leather armour
 n - a +0 robe (worn)
 r - a +0 pair of gloves (worn)
 y - a +0 pair of boots (worn)
Jewellery
 j - a cursed ring of teleportation
 o - an uncursed ring of wizardry {unknown}
Wands
 u - a wand of iceblast (8)
Scrolls
 f - a scroll of enchant armour {unknown}
 i - 2 scrolls of teleportation
 m - 2 scrolls of identify {unknown}
 q - a scroll of amnesia {unknown}
 x - a scroll of remove curse {unknown}
Potions
 p - a potion of mutation
Comestibles
 c - 2 rations
 w - 3 chunks of flesh


   Skills:
 * Level 2.4 Short Blades
 - Level 3.0 Dodging
 + Level 2.7 Stealth
 + Level 2.4 Spellcasting
 - Level 1.0 Conjurations
 + Level 0.9 Air Magic
 + Level 3.6 Poison Magic


You had 4 spell levels left.
You knew the following spells:

 Your Spells              Type           Power        Failure   Level  Hunger
a - Sting                 Conj/Pois      ###.         1%          1    #......
b - Poisonous Vapours     Pois/Air       ###...       1%          2    ##.....

Your spell library contained the following spells:

 Spells                   Type           Power        Failure   Level  Hunger
 Mephitic Cloud           Conj/Pois/Air  ###.....     3%          3    ###....
 Olgreb's Toxic Radiance  Pois           ###.....     4%          4    #####..
 Venom Bolt               Conj/Pois      ###.......   21%         5    ######.


Dungeon Overview and Level Annotations

Branches:
Dungeon (3/15)

Altars:


Innate Abilities, Weirdness & Mutations

You revert to your normal form in water.
You are very nimble and swift while swimming.
You are very stealthy in the water. (Stealth+)
Your system is resistant to poisons. (rPois)


Message History

* * * LOW HITPOINT WARNING * * *
The quasit barely misses you.
You closely miss the quasit.
The quasit is moderately wounded.
The quasit closely misses you.
The quasit claws you but does no damage.
The quasit misses you. The quasit bites you.
* * * LOW HITPOINT WARNING * * *
The quasit claws you.
* * * LOW HITPOINT WARNING * * *
You feel clumsy.
The quasit claws you but does no damage.
It was a potion of haste.
You feel yourself speed up. The quasit bites you.
* * * LOW HITPOINT WARNING * * *
The quasit misses you. The quasit claws you.
* * * LOW HITPOINT WARNING * * *
You hit the quasit but do no damage.
The quasit is moderately wounded.
The quasit bites you.
You die...

#.......##.#.###)#..
#.......##.#.# #.#..
###.......##.#.#
#.#..
..........##.#.#
#.#.#
###......##.#.#
#.#.# #).....##.#.#
#.#.# ##g####...#
#.#.# #5# .### #.#
#@# .# #.# #.# .# ..
#(...# ####.# # #.
...


You could see a quasit and a goblin.

Vanquished Creatures
  Jessica (D:3)
  2 adders (D:2)
  A dart slug (D:1)
  An orc (D:3)
  4 bats
  3 goblins
  4 hobgoblins (D:3)
  2 jackals (D:3)
  2 frilled lizards
  7 kobolds
  6 rats
33 creatures vanquished.

Notes
Turn   | Place    | Note
-------+----------+-------------------------------------------
     0 | D:1      | wullow the Merfolk Venom Mage began the quest for the Orb.
     0 | D:1      | Reached XP level 1. HP: 13/13 MP: 3/3
   122 | D:1      | Reached skill level 1 in Conjurations
   211 | D:1      | Reached XP level 2. HP: 15/19 MP: 3/5
   612 | D:2      | Learned a level 2 spell: Poisonous Vapours
   655 | D:2      | Reached skill level 1 in Short Blades
   795 | D:2      | Reached XP level 3. HP: 24/24 MP: 1/6
  1582 | D:3      | Noticed Jessica
  1598 | D:3      | Killed Jessica
  1598 | D:3      | Reached XP level 4. HP: 27/30 MP: 0/7
  1620 | D:3      | Gained mutation: Your system is resistant to poisons.
                  | (rPois) [potion of mutation]
  1620 | D:3      | Gained mutation: You are clumsy. (Dex -2) [potion of
                  | mutation]
  1620 | D:3      | Lost mutation: You are clumsy. (Dex -2) [potion of
                  | mutation]
  1626 | D:3      | HP: 1/30 [quasit (1)]
  1627 | D:3      | Slain by a quasit

Levels and vault maps discovered:
D:1:      elethiomel_arrival_quiet, layout_rooms, minmay_liquid_box
D:2:      layout_loops_ring, grunt_ministairs_9
D:3:      layout_basic, first_ration, kennysheep_generic_room_14, uniq_jessica

Skill      XL: |  1  2  3 |
---------------+----------+-----
Conjurations   | 1 |  1.0
Short Blades   | 1 2 |  2.4
Dodging        | 3 |  3.0
Stealth        | |  2.7
Spellcasting   | |  2.4
Air Magic      | |  0.9
Poison Magic   | |  3.6

Action                   |  1- 3 |  4- 6 || total
-------------------------+-------+-------++-------
Melee: Dagger            |    19 |       ||    19
       Short sword       |    34 |    21 ||    55
 Cast: Sting             |    20 |     1 ||    21
       Poisonous Vapours |    10 |       ||    10
  Use: Scroll            |     1 |       ||     1
       Potion            |       |     6 ||     6
 Stab: Sleeping          |     1 |       ||     1
  Eat: Chunk             |     3 |       ||     3
Armor: Robe              |    12 |    17 ||    29
Dodge: Dodged            |    58 |    31 ||    89
